 Dungeon Crawl Stone Soup version 0.29.1-12-g30fa7ad0bf (webtiles) character file.

Game seed: 4268880382083859253

170 Lutefisk the Covert (level 5, -4/41 HPs)
             Began as a Vampire Brigand on Dec 21, 2022.
             Splashed by a jelly's acid (12 damage)
             ... on level 4 of the Dungeon.
             The game lasted 00:07:35 (1175 turns).

Lutefisk the Covert (Vampire Brigand)               Turns: 1175, Time: 00:07:35

Health: -4/41      AC: -5    Str: 10    XL:     5   Next: 26%
Magic:  5/5        EV: 12    Int: 14    God:
Gold:   103        SH:  0    Dex: 17    Spells: 4/4 levels left

rFire   . . .      SeeInvis +   a - +2 dagger
rCold   . . .      Faith    .   (no shield)
rNeg    . . .      Spirit   .   b - +0 robe
rPois   .          Reflect  .   (no helmet)
rElec   .          Harm     .   c - +0 cloak
rCorr   .          Rampage  .   (no gloves)
Will    .....                   (no boots)
Stlth   ++++......              f - amulet of magic regeneration
HPRegen 0.33/turn               (no ring)
MPRegen 0.49/turn               (no ring)

@: corroded, healing quickly
A: alive, fangs 3, see invisible, vampiric 2
a: Exsanguinate


You were on level 4 of the Dungeon.
You visited 1 branch of the dungeon, and saw 4 of its levels.

You collected 103 gold pieces.

Inventory:

Hand Weapons
 a - a +2 dagger (weapon)
Missiles
 d - 11 poisoned darts (quivered)
 e - 3 curare-tipped darts
Armour
 b - a +0 robe (worn)
 c - a +0 cloak (worn)
Jewellery
 f - an amulet of magic regeneration (around neck)
Scrolls
 g - 2 scrolls of blinking {unknown}
 h - 2 scrolls of enchant armour {unknown}
 i - 6 scrolls of identify {unknown}
 j - 2 scrolls of vulnerability {unknown}
 l - a scroll of teleportation {unknown}
 n - a scroll of enchant weapon {unknown}
Potions
 k - a potion of curing {unknown}
 m - a potion of resistance {unknown}


   Skills:
 - Level 3.0 Fighting
 - Level 2.1 Short Blades
 - Level 2.0 Throwing
 * Level 2.3 Dodging
 * Level 8.2 Stealth


You had 4 spell levels left.
You didn't know any spells.
Your spell library contained the following spells:

 Spells                   Type           Power      Damage    Failure   Level
 Magic Dart               Conj           0%         1d3       28%         1
 Searing Ray              Conj           0%         2d4       41%         2
 Gell's Gravitas          Tloc           0%         N/A       65%         3
 Lesser Beckoning         Tloc           0%         N/A       65%         3
 Teleport Other           Tloc           0%         N/A       65%         3
 Fulminant Prism          Conj/Hex       0%         3d6       96%         4


Dungeon Overview and Level Annotations

Branches:
Dungeon (4/15)
 Temple: D:4-7

Altars:

Annotations:
D:4 3 runed translucent doors, sigtrap's ghost, amateur MiBe; styxcanada's ghost, amateur MiFi


Innate Abilities, Weirdness & Mutations

Your natural rate of healing is accelerated.
You have razor-sharp teeth.
You have supernaturally acute eyesight. (SInv)
You are afflicted with vampirism and can become a bat while bloodless.


Message History

Found a book of Misfortune.
A hound comes into view.
n - a scroll labelled HYRGHE POSTRIN A scorpion, an orc and a jelly come into view.
The orc shouts!
The jelly quivers.
You closely miss the orc. The jelly hits you but does no damage.
The orc hits you with a +0 whip.
You hit the orc.
The orc is lightly wounded.
The jelly barely misses you. The orc closely misses you.
You hit the orc but do no damage.
The orc is lightly wounded.
The orc misses you. The jelly hits you but does no damage.
You hit the orc.
You kill the orc!
The jelly hits you.
You are splashed with acid!
You hit the jelly.
Your hands burn!
The jelly is lightly wounded.
The jelly hits you but does no damage.
You hit the jelly. The acid corrodes you!
Your hands burn!
The jelly is moderately wounded.
The jelly hits you.
You are splashed with acid!
* * * LOW HITPOINT WARNING * * *
Okay, then.
Okay, then.
Unknown command.
You barely miss the jelly.
The jelly is moderately wounded.
The jelly misses you.
You hit the jelly.
Your hands burn!
* * * LOW HITPOINT WARNING * * *
You bite the jelly, but do no damage.
The jelly is heavily wounded.
You barely miss the jelly. You bite the jelly, but do no damage.
The jelly is heavily wounded.
The jelly hits you.
* * * LOW HITPOINT WARNING * * *
The acid corrodes you!
You are splashed with acid!
You die...

#...... #......
#....... .......
.......###
#........###
#...J....# #
#...)@...#
....##.###...#
...........#######
##.....#..####...##
#h....#..# #.....###
#...#..#..###.......#
...##......#.(.....#
#.................###
s
........#..†......##


You could see a jelly.

Vanquished Creatures
  A black bear (D:3)
  An iguana (D:4)
  A gnoll (D:3)
  An ufetubus (D:4)
  A dart slug (D:1)
  An orc (D:4)
  2 ball pythons (D:1)
  2 endoplasms
  4 giant cockroaches
  2 goblins
  5 hobgoblins
  3 jackals (D:4)
  2 quokkas (D:1)
  5 bats
  A frilled lizard (D:2)
  4 kobolds
  2 rats
38 creatures vanquished.

Notes
Turn   | Place    | Note
-------+----------+-------------------------------------------
     0 | D:1      | Lutefisk the Vampire Brigand began the quest for the Orb.
     0 | D:1      | Reached XP level 1. HP: 16/16 MP: 1/1
    72 | D:1      | Reached skill level 6 in Stealth
   109 | D:1      | Found a faded altar of an unknown god.
   143 | D:1      | Reached XP level 2. HP: 22/22 MP: 2/2
   915 | D:2      | Gained mutation: You are afflicted with vampirism and can
                  | become a bat while bloodless. [Vampire growth]
   915 | D:2      | Reached XP level 3. HP: 23/28 MP: 3/3
  1023 | D:3      | Noticed a black bear
  1030 | D:3      | Killed a black bear
  1031 | D:3      | Reached skill level 8 in Stealth
  1031 | D:3      | Reached XP level 4. HP: 35/35 MP: 4/4
  1118 | D:4      | Reached XP level 5. HP: 35/41 MP: 5/5
  1152 | D:4      | Found a runed translucent gate.
  1152 | D:4      | Found a runed translucent gate.
  1153 | D:4      | Found a runed translucent gate.
  1154 | D:4      | Noticed sigtrap's ghost (amateur MiBe)
  1155 | D:4      | Noticed styxcanada's ghost (amateur MiFi)
  1175 | D:4      | Splashed by a jelly's acid

Illustrated notes

Levels and vault maps discovered:
D:1:      heliophobic_arrival_henge, layout_basic,
          hellmonk_ecumenical_altar_inner_sanctum, serial_aquarium,
          aquarium_bridge_island_small [aquarium_subvault_small_water,
          aquarium_subvault_bridge, aquarium_subvault_window,
          aquarium_subvault_bridge, aquarium_subvault_bridge],
          aquarium_window_fake, aquarium_window_corner,
          aquarium_window_corridor_2, aquarium_view_2e, minmay_misc_feat_room
D:2:      layout_basic, serial_shops, nicolae_lakefront_shop
D:3:      layout_rooms, mainiacjoe_overflow_two_lobes
D:4:      layout_cave_pools, dk_yredelemnul_ordeal, lemuel_temple_firewalk_b,
          gammafunk_ghost_cemetery

Skill      XL: |  1  2  3  4  5 |
---------------+----------------+-----
Stealth        | 6 8 |  8.2
Fighting       | 2 3 |  3.0
Throwing       | 2 |  2.0
Dodging        | 2 |  2.3
Short Blades   | |  2.1

Action                   |  1- 3 |  4- 6 || total
-------------------------+-------+-------++-------
Melee: Dagger            |    74 |    35 ||   109
       Bite              |     7 |     6 ||    13
 Stab: Sleeping          |    11 |     2 ||    13
Armor: Robe              |    18 |    10 ||    28
Dodge: Dodged            |    44 |    33 ||    77
